 Dungeon Crawl Stone Soup version 0.30-a0-852-g08b95dd62f (webtiles) character file.

Game seed: 15394187826833299069

338 BubbleThief the Poker (level 6, 8/48 HPs)
             Began as a Demonspawn Gladiator on Mar 4, 2023.
             Quit the game on level 4 of the Dungeon.
             The game lasted 00:05:28 (2075 turns).

BubbleThief the Poker (Demonspawn Gladiator)        Turns: 2075, Time: 00:05:28

Health: 8/48       AC:  5    Str: 16    XL:     6   Next: 29%
Magic:  3/6        EV: 12    Int: 10    God:
Gold:   148        SH:  0    Dex: 14    Spells: 5/5 levels left

rFire   . . .      SeeInvis .    a - +0 trident
rCold   . . .      Faith    .    (no shield)
rNeg    . . .      Spirit   +    b - +0 leather armour
rPois   .          Reflect  .    c - +0 helmet
rElec   .          Rampage  .    (no cloak)
rCorr   .                        (no gloves)
Will    .....                    m - +0 pair of boots
Stlth   +                        (no amulet)
HPRegen 0.28/turn                (no ring)
MPRegen 0.20/turn                (no ring)

@: mildly poisoned (8 -> 7)
A: claws 1, hooves 1, magic shield, magic regeneration
a: no special abilities


You were on level 4 of the Dungeon.
You visited 1 branch of the dungeon, and saw 4 of its levels.

You collected 148 gold pieces.

Inventory:

Hand Weapons
 a - a +0 trident (weapon)
Missiles
 d - 3 throwing nets (quivered)
 e - a javelin
Armour
 b - a +0 leather armour (worn)
 c - a +0 helmet (worn)
 m - a +0 pair of boots (worn)
Wands
 q - a wand of roots (8)
Scrolls
 f - a scroll of amnesia {unknown}
 g - a scroll of poison {unknown}
 i - a scroll of enchant weapon {unknown}
 k - 4 scrolls of identify {unknown}
 p - a scroll of fear {unknown}
Potions
 h - 2 potions of curing {unknown}
 j - a potion of degeneration {unknown}
 l - a potion of brilliance {unknown}
 n - a potion of berserk rage {unknown}
 o - a potion of invisibility {unknown}
 r - a potion of attraction {unknown}


   Skills:
 + Level 4.1 Fighting
 * Level 5.5 Polearms
 - Level 1.7 Throwing
 - Level 2.6 Dodging


You had 5 spell levels left.
You didn't know any spells.
Your spell library was empty.

Dungeon Overview and Level Annotations

Branches:
Dungeon (4/15)
 Temple: D:4-7

Altars:
Trog

Annotations:
D:2 Natasha; Sigmund
D:3 2 transporters, Bediveer's ghost, amateur KoBr


Innate Abilities, Weirdness & Mutations

You have sharp fingernails.
You have large cloven feet.
When hurt, damage is shared between your health and your magic reserves.
You regenerate magic rapidly.


Message History

The water moccasin bites you but does no damage.
You closely miss the water moccasin.
The water moccasin is heavily wounded.
The water moccasin bites you.
You are poisoned.
The water moccasin poisons you! The water moccasin bites you!
You barely miss the water moccasin.
The water moccasin is heavily wounded.
You feel very sick. The water moccasin closely misses you.
You barely miss the water moccasin.
The water moccasin is heavily wounded.
You feel very sick. The water moccasin bites you!
The water moccasin barely misses you.
You hit the water moccasin but do no damage.
The water moccasin is heavily wounded.
You feel sick. The water moccasin bites you.
You hit the water moccasin.
The water moccasin is heavily wounded.
You feel sick.
The water moccasin bites you but does no damage.
The water moccasin bites you.
* * * LOW HITPOINT WARNING * * *
You hit the water moccasin.
The water moccasin is severely wounded.
You feel sick. The water moccasin barely misses you.
You puncture the water moccasin!
The water moccasin is almost dead.
You feel sick. The water moccasin misses you.
The water moccasin bites you but does no damage.
You hit the water moccasin.
You kill the water moccasin!
You feel sick.
Your Fighting skill increases to level 4!
You have reached level 6!
Your demonic ancestry asserts itself...
Your fingernails lengthen.
Are you sure you want to abandon this character and quit the game? (Confirm with "yes".)
Okay, then.
Are you sure you want to abandon this character and quit the game? (Confirm with "yes".)

###†.###.#...##.#.....#
#..# .#...# #######
#..# .#...# #..# .#...#
#..# .# #..# .# #... .#
#..##### #..#..@# #.###
.. #.# #


There were no monsters in sight!

Vanquished Creatures
  A water moccasin (D:4)
  2 hounds (D:4)
  An orc priest (D:3)
  3 gnolls (D:4)
  5 adders (D:4)
  A worm (D:3)
  A dart slug (D:4)
  4 orcs
  5 ball pythons
  10 endoplasms
  A giant cockroach (D:1)
  A goblin (D:1)
  4 hobgoblins
  5 jackals
  3 kobolds
  3 bats
  4 frilled lizards
  7 rats
61 creatures vanquished.

Vanquished Creatures (others)
  A wizard (D:3)
1 creature vanquished.

Grand Total: 62 creatures vanquished

Notes
Turn   | Place    | Note
-------+----------+-------------------------------------------
     0 | D:1      | BubbleThief the Demonspawn Gladiator began the quest for
                  | the Orb.
     0 | D:1      | Reached XP level 1. HP: 16/16 MP: 1/1
   108 | D:1      | Reached skill level 3 in Polearms
   134 | D:1      | Gained mutation: You regenerate magic rapidly. [demonic
                  | ancestry]
   134 | D:1      | Reached XP level 2. HP: 22/22 MP: 2/2
   395 | D:1      | Found a faded altar of an unknown god.
   395 | D:1      | Noticed a great orb of eyes
   398 | D:1      | Noticed a floating eye
   398 | D:1      | Noticed an eye of devastation
   398 | D:1      | Noticed a great orb of eyes
   650 | D:2      | Noticed Natasha
   655 | D:2      | Noticed a crimson imp
   656 | D:2      | Noticed a crimson imp
   662 | D:2      | Noticed a crimson imp
   666 | D:3      | Reached XP level 3. HP: 24/28 MP: 3/3
   801 | D:3      | Found a transporter.
   901 | D:3      | Found a transporter.
   901 | D:3      | Noticed Bediveer's ghost (amateur KoBr)
   973 | D:3      | Found a bloodstained altar of Trog.
   975 | D:3      | Noticed a wizard
   980 | D:3      | Killed a wizard
  1075 | D:2      | Noticed Sigmund
  1089 | D:3      | Reached skill level 4 in Polearms
  1089 | D:3      | Gained mutation: When hurt, damage is shared between your
                  | health and your magic reserves. [demonic ancestry]
  1089 | D:3      | Reached XP level 4. HP: 33/34 MP: 4/4
  1311 | D:4      | Noticed a water moccasin
  1727 | D:4      | Discovered your monstrous ancestry.
  1727 | D:4      | Gained mutation: You have large cloven feet. [demonic
                  | ancestry]
  1727 | D:4      | Reached XP level 5. HP: 34/41 MP: 5/5
  1956 | D:4      | Reached skill level 5 in Polearms
  2074 | D:4      | Killed a water moccasin
  2075 | D:4      | Gained mutation: You have sharp fingernails. [demonic
                  | ancestry]
  2075 | D:4      | Reached XP level 6. HP: 8/48 MP: 3/6
  2075 | D:4      | Quit the game

Illustrated notes

Levels and vault maps discovered:
D:1:      dpeg_arrival_castle, layout_rooms,
          hellmonk_ecumenical_altar_watching_god, minmay_hedge_maze,
          hex_intersection
D:2:      layout_rooms, uniq_natasha, uniq_crazy_yiuf_cottage, uniq_sigmund
D:3:      layout_basic, trog_wizard, gammafunk_ghost_arena
D:4:      layout_basic, minmay_temple_entry_nine_rooms

Skill      XL: |  1  2  3  4  5 |
---------------+----------------+-----
Polearms       | 3 4 5 |  5.5
Fighting       | 3 4 |  4.1
Throwing       | |  1.7
Dodging        | |  2.6

Action                     |  1- 3 |  4- 6 || total
---------------------------+-------+-------++-------
  Melee: Trident           |   141 |   127 ||   268
         Punch             |     1 |     1 ||     2
  Throw: Throwing net      |     1 |       ||     1
   Stab: Sleeping          |       |     1 ||     1
 Armour: Leather armour    |    47 |    28 ||    75
  Dodge: Dodged            |   104 |    63 ||   167

Table legend: (Time is in decaauts)
 A = Elapsed time spent in this place.
 B = Non-inter-level travel time spent in this place.
 C = Inter-level travel time spent in this place.
 D = Time resting spent in this place.
 E = Time spent auto-exploring this place.
 F = Levels seen in this place.
 G = Mean time per level.
                   A        B        C        D        E       F      G
               +--------+--------+--------+--------+--------+-----+--------+
         Total |   2108 |   2046 |     62 |     64 |   1332 |   4 |  527.0 |
       Dungeon |   2108 |   2046 |     62 |     64 |   1332 |   4 |  527.0 |
               +--------+--------+--------+--------+--------+-----+--------+

Top non-repeatable levels by time:
     D:3: 689 daAuts
     D:4: 651 daAuts
     D:1: 551 daAuts
     D:2: 216 daAuts
